AoeStats
← Gabriel93

Oasis

510187161Analyzed
2v2 RM · 2d ago on Sep 29, 2026· 21m 28s· 4 players
Game mode
Random Map
Map size
Medium (4 player)
Population
200
Speed
Normal
Resources
Standard
Victory
Conquest
Starting age
Dark Age
Ending age
Imperial Age
RankedLock teamsTeams togetherTeam positionsShared explorationLock speedFull tech treeHidden civsTurbo modeCheats
Victory
Defeat
🇺🇸 Maya · United States
1259
+13
🇲🇽 Berbers · Mexico
1246
+14
🇧🇷 Khmer · Brazil
1215
-14
🇺🇾 Varangians · Uruguay
1185
-13
Thiers1789
7:47 Loom
10:37 Feudal Age
15:37 Castle Age
15:43 Double-Bit Axe
15:40 Horse Collar
Gabriel93
10:31 Feudal Age
13:23 Double-Bit Axe
13:26 Horse Collar
14:00 Loom
15:45 Bloodlines
VIP IVORY
0:31 Loom
9:09 Feudal Age
9:40 Town Watch
9:58 Double-Bit Axe
15:35 Fletching
19:13 Wheelbarrow
20:07 Horse Collar
CCM | Zero
6:52 Loom
9:31 Feudal Age
9:58 Double-Bit Axe
11:38 Horse Collar
15:03 Wheelbarrow
18:11 Scale Barding Armor
19:01 Town Watch
20:18 Bloodlines
20:20 Forging
22:23 Castle Age
Connection lost

Rejoining the realm…

Still unreachable

The connection could not be restored.

Session expired

The server has moved on; the page needs a fresh start.